 Dungeon Crawl Stone Soup version 0.31-a0-920-g28cbb04a8c (webtiles) character file.

Game seed: 12512450793527064373

697 Fodor the Covered (level 7, -13/61 HPs)
             Began as a Minotaur Fighter on Oct 17, 2023.
             Mangled by a gnoll
             ... wielding a +1 spear of distortion
              (16 damage)
             ... on level 4 of the Dungeon.
             The game lasted 00:14:11 (2969 turns).

Fodor the Covered (Minotaur Fighter)                Turns: 2969, Time: 00:14:12

Health: -13/61     AC:  8    Str: 22    XL:     7   Next: 38%
Magic:  6/6        EV: 10    Int:  5    God:
Gold:   202        SH:  5    Dex: 10    Spells: 6/6 levels left

rFire   . . .        p - +2 war axe (heavy)
rCold   . . .        c - +0 buckler
rNeg    . . .        b - +0 scale mail
rPois   .            (helmet restricted)
rElec   .            (no cloak)
rCorr   .            (no gloves)
SInv    .            t - +0 pair of boots
Will    .....        (no amulet) Stlth
                     (no ring)
HPRegen 0.30/turn    (no ring)
MPRegen 0.10/turn

%: no passive effects
@: no status effects
A: horns 2, retaliatory headbutt
a: no special abilities


You were on level 4 of the Dungeon.
You visited 1 branch of the dungeon, and saw 4 of its levels.

You collected 202 gold pieces.

Inventory:

Hand Weapons
 a - a +0 long sword
 p - a +2 heavy war axe (weapon)
Missiles
 e - 5 silver javelins (quivered)
 q - 4 boomerangs
 u - 5 poisoned darts
 x - 2 curare-tipped darts
Armour
 b - a +0 scale mail (worn)
 c - a +0 buckler (worn)
 t - a +0 pair of boots (worn)
Wands
 r - a wand of mindburst (16)
 w - a wand of flame (26)
Scrolls
 i - a scroll of butterflies {unknown}
 l - a scroll of revelation {unknown}
 m - a scroll of vulnerability {unknown}
 n - 3 scrolls of teleportation {unknown}
 o - a scroll of immolation {unknown}
 s - 3 scrolls of amnesia {unknown}
Potions
 d - a potion of might
 f - 3 potions of enlightenment {unknown}
 g - a potion of ambrosia {unknown}
 h - 3 potions of mutation {unknown}
 j - 3 potions of curing {unknown}
 k - 2 potions of invisibility {unknown}
 v - a potion of degeneration {unknown}
 z - 2 potions of heal wounds {unknown}


   Skills:
 + Level 5.2 Fighting
 + Level 4.3 Long Blades
 + Level 4.4 Axes
 + Level 6.1 Armour
 + Level 2.4 Dodging
 + Level 4.9 Shields


You had 6 spell levels left.
You didn't know any spells.
Your spell library contained the following spells:

 Spells                   Type           Power      Damage    Failure   Level
 Lesser Beckoning         Tloc           0%         N/A       93%         2
 Gell's Gravitas          Tloc           0%         N/A       99%         3
 Teleport Other           Tloc           0%         N/A       99%         3


Dungeon Overview and Level Annotations

Branches:
Dungeon (4/15)
 Temple: D:4-7

Altars:
Fedhas

Portals:
Abyss: D:4

Annotations:
D:4 1 transporter


Innate Abilities, Weirdness & Mutations

You have a pair of horns on your head.
You reflexively headbutt those who attack you in melee.


Message History

The iron imp is almost dead.
The iron imp hits you! x2
You slash the iron imp!
You kill the iron imp!
The gnoll misses you. Olddryhag's ghost hits you.
The gnoll hits you from afar with a +1 spear of distortion.
You blink.
Your Fighting skill increases to level 5!
You have reached level 7!
A gnoll is nearby!
You slash olddryhag's ghost! You headbutt olddryhag's ghost!
Olddryhag's ghost is severely damaged.
The gnoll hits you from afar with a +1 spear of distortion.
Olddryhag's ghost hits you. You block the gnoll's attack.
Olddryhag's ghost hits you.
You slash olddryhag's ghost! Your headbutt misses olddryhag's ghost.
Olddryhag's ghost is almost destroyed.
The gnoll hits you from afar with a +1 spear of distortion.
* * * LOW HITPOINT WARNING * * *
You blink.
The gnoll hits you but does no damage. Space warps around you.
* * * LOW HITPOINT WARNING * * *
Unknown command.
You slash olddryhag's ghost!
You destroy olddryhag's ghost!
You block the gnoll's attack. x2
Your Axes skill increases to level 4!
Your Armour skill increases to level 6!
The gnoll hits you with a +1 spear of distortion.
* * * LOW HITPOINT WARNING * * *
Space warps horribly around you.
* * * LOW HITPOINT WARNING * * *
The gnoll closely misses you.
You hit the gnoll.
The gnoll is lightly wounded.
The gnoll hits you with a +1 spear of distortion.
* * * LOW HITPOINT WARNING * * *
You block the small abomination's attack.
The gnoll hits you with a +1 spear of distortion.
* * * LOW HITPOINT WARNING * * *
Space warps horribly around you!
You die...

#...#$x..#.^ ##.#...........
#...##.#####.....##...#.####.
#....# # ## ###...##..#.....
#....## #.## ##..##.....#.
#.....##.#?#.. #©##.........
#......#...##..###......##...
#......#..#.#...©............
#....###.##x##.........##....
##...# .#.©.@#####....## #...
#..##.#.###g.#####...###....
#..#...##.#∩#....#©.........
#..##.##..##..####.......>..
#...###....####.........##.#
#......................###..
#.....................#.....
###.###..#.###......###.....
#(# ##...##..##.### #.....


You could see a small abomination and a gnoll.

Vanquished Creatures
  The ghost of olddryhag the Trooper, an amateur GrMo (D:4)
  Menkaure (D:4)
  An ice beast (D:4)
  A scorpion (D:4)
  An iron imp (D:4)
  An iguana (D:4)
  An orc wizard (D:4)
  Ijyb (D:4)
  3 gnolls (D:4)
  4 adders
  2 worms
  4 dart slugs
  5 orcs
  9 endoplasms
  3 giant cockroaches
  10 goblins
  2 hobgoblins (D:2)
  7 jackals
  9 kobolds
  A quokka (D:4)
  7 ball pythons
  4 bats
  2 frilled lizards
  5 rats
85 creatures vanquished.

Notes
Turn   | Place    | Note
-------+----------+-------------------------------------------
     0 | D:1      | Fodor the Minotaur Fighter began the quest for the Orb.
     0 | D:1      | Reached XP level 1. HP: 19/19 MP: 0/0
    34 | D:1      | Found a faded altar of an unknown god.
   100 | D:1      | Reached XP level 2. HP: 23/27 MP: 1/1
   509 | D:1      | Reached XP level 3. HP: 29/33 MP: 2/2
   721 | D:2      | Reached skill level 4 in Armour
  1189 | D:2      | Reached XP level 4. HP: 38/40 MP: 3/3
  1707 | D:3      | Found a transporter.
  1735 | D:3      | Found a transporter.
  2477 | D:4      | Noticed Ijyb
  2477 | D:4      | Noticed Menkaure
  2477 | D:4      | Found a blossoming altar of Fedhas.
  2479 | D:4      | Reached skill level 1 in Dodging
  2479 | D:4      | Killed Menkaure
  2480 | D:4      | Reached skill level 1 in Axes
  2480 | D:4      | Reached skill level 5 in Armour
  2480 | D:4      | Reached XP level 5. HP: 22/47 MP: 4/4
  2482 | D:4      | Killed Ijyb
  2513 | D:4      | Reached XP level 6. HP: 27/53 MP: 5/5
  2655 | D:4      | Noticed an ice beast
  2669 | D:4      | Killed an ice beast
  2842 | D:4      | Found a transporter.
  2844 | D:4      | Found a transporter.
  2915 | D:4      | Noticed olddryhag's ghost (amateur GrMo)
  2948 | D:4      | Found a one-way gate to the infinite horrors of the Abyss.
  2961 | D:4      | Reached skill level 5 in Fighting
  2961 | D:4      | Reached XP level 7. HP: 27/61 MP: 6/6
  2966 | D:4      | Killed olddryhag's ghost
  2967 | D:4      | Reached skill level 6 in Armour
  2969 | D:4      | HP: 3/61 [gnoll/+1 spear of distortion (2)]
  2969 | D:4      | Mangled by a gnoll

Illustrated notes

Levels and vault maps discovered:
D:1:      dpeg_arrival_rhombi, layout_basic,
          shapermc_ecumenical_altar_starsandcircs, palyth_stone_intersect
D:2:      layout_loops_ring
D:3:      gammafunk_wand_slinger, layout_loops_corners,
          kennysheep_generic_room_14
D:4:      layout_rooms, lemuel_crystal_altar, gammafunk_ghost_abyssal_escape,
          hangedman_decor_clover_reticule, uniq_ijyb, uniq_menkaure

Skill      XL: |  1  2  3  4  5  6  7 |
---------------+----------------------+-----
Fighting       | 4 5 |  5.2
Shields        | 4 |  4.9
Armour         | 4 5 6 |  6.1
Long Blades    | 3 4 |  4.3
Dodging        | 1 2 |  2.4
Axes           | 1 3 4 |  4.4

Action                     |  1- 3 |  4- 6 |  7- 9 || total
---------------------------+-------+-------+-------++-------
  Melee: Long sword        |    82 |       |       ||    82
         Headbutt          |     8 |    13 |     1 ||    22
         War axe           |       |    59 |     4 ||    63
 Armour: Scale mail        |    59 |    46 |     8 ||   113
  Dodge: Dodged            |    57 |    38 |     1 ||    96
  Block: Buckler           |    30 |    20 |     4 ||    54

Table legend: (Time is in decaauts)
 A = Elapsed time spent in this place.
 B = Non-inter-level travel time spent in this place.
 C = Inter-level travel time spent in this place.
 D = Time resting spent in this place.
 E = Time spent auto-exploring this place.
 F = Levels seen in this place.
 G = Mean time per level.
                   A        B        C        D        E       F      G
               +--------+--------+--------+--------+--------+-----+--------+
         Total |   3068 |   2951 |    117 |    200 |      0 |   4 |  767.0 |
       Dungeon |   3068 |   2951 |    117 |    200 |      0 |   4 |  767.0 |
               +--------+--------+--------+--------+--------+-----+--------+

Top non-repeatable levels by time:
     D:3: 1085 daAuts
     D:2: 721 daAuts
     D:1: 720 daAuts
     D:4: 541 daAuts
